 Seeded DCSS version 0.28.0-53-g5a82cb258f (webtiles) character file.

Game seed: 1973 (custom seed)

64 Kazon the Cutter (level 4, -2/29 HPs)
             Began as a Kobold Monk on July 13, 2022.
             Slain by a gnoll
             ... wielding a +0 spear
              (3 damage)
             ... on level 2 of the Dungeon.
             The game lasted 00:04:13 (1367 turns).

Kazon the Cutter (Kobold Monk)                      Turns: 1367, Time: 00:04:14

Health: -2/29      AC:  2    Str: 10    XL:     4   Next: 32%
Magic:  4/4        EV: 16    Int: 11    God:
Gold:   94         SH:  0    Dex: 17    Spells: 3/3 levels left

rFire   . . .      SeeInvis .   d - +2 dagger (vamp)
rCold   . . .      Faith    .   (no shield)
rNeg    . . .      Spirit   .   b - +0 robe
rPois   .          Reflect  .   (no helmet)
rElec   .          Harm     .   (no cloak)
rCorr   .          Rampage  .   (no gloves)
Will    .....                   (no boots)
Stlth   ++........              (no amulet)
HPRegen 0.09/turn               (no ring)
MPRegen 0.09/turn               (no ring)

@: confused, ambrosia-drunk
A: small, no large weapons, nightstalker 3
a: no special abilities


You were on level 2 of the Dungeon.
You visited 1 branch of the dungeon, and saw 2 of its levels.

You collected 94 gold pieces.

Inventory:

Hand Weapons
 a - a +0 short sword
 d - a +2 vampiric dagger (weapon)
Missiles
 e - 36 stones (quivered)
Armour
 b - a +0 robe (worn)
Scrolls
 f - a scroll of teleportation {unknown}
 g - a scroll of noise {unknown}
Potions
 h - a potion of might {unknown}
 i - 2 potions of berserk rage {unknown}
 j - a potion of curing {unknown}


   Skills:
 * Level 3.8 Fighting
 + Level 4.6 Short Blades
 * Level 0.3 Throwing
 * Level 0.2 Armour
 * Level 4.3 Dodging
 + Level 3.6 Stealth


You had 3 spell levels left.
You didn't know any spells.
Your spell library was empty.

Dungeon Overview and Level Annotations

Branches:
Dungeon (2/15)

Altars:


Innate Abilities, Weirdness & Mutations

You are small and have problems with some larger weapons.
You are completely attuned to the shadows.


Message History

A gnoll comes into view. It is wielding a +0 flail.
A gnoll comes into view. It is wielding a +0 spear.
A bat comes into view.
The helpless gnoll fails to defend itself.
You impale the gnoll!!
You kill the gnoll!
The gnoll completely misses you.
You hit the gnoll.
The gnoll is lightly wounded.
The gnoll shouts!
The gnoll barely misses you.
The gnoll shouts!
You hear an angry hiss.
You barely miss the gnoll.
The gnoll is lightly wounded.
The gnoll hits you with a +0 club.
You hit the gnoll.
The gnoll is heavily wounded.
The bat hits you.
You hit the gnoll.
The gnoll is severely wounded.
A ball python comes into view.
The bat closely misses you. The gnoll misses you. The gnoll closely misses you.
The gnoll misses you.
You closely miss the bat. The bat misses you. x2
The gnoll hits you with a +0 club.
The gnoll hits you from afar with a +0 spear.
The gnoll hits you with a +0 flail.
The ball python hisses angrily.
You hit the gnoll.
You feel better.
The gnoll is severely wounded.
The bat hits you but does no damage. The gnoll hits you with a +0 club!
* * * LOW HITPOINT WARNING * * *
The gnoll completely misses you. The gnoll barely misses you.
It was a potion of ambrosia.
You are confused.
You feel invigorated. The bat closely misses you. The gnoll closely misses you.
The gnoll hits you with a +0 flail!
* * * LOW HITPOINT WARNING * * *
The gnoll hits you from afar with a +0 spear.
You die...

#......##.#..
#.............
####.....##...
#.....# ... ###.
#.....# ..
....######.....#
...S.............
..ggg..........##
.b.)@......#####
####.......#
#.......#
#########


You could see 3 gnolls, a bat and a ball python.

Vanquished Creatures
  A gnoll (D:2)
  An adder (D:2)
  2 endoplasms (D:1)
  3 giant cockroaches
  2 goblins
  3 hobgoblins (D:1)
  9 jackals (D:1)
  4 kobolds (D:1)
  4 quokkas
  5 ball pythons
  3 frilled lizards (D:1)
  3 rats (D:1)
40 creatures vanquished.

Notes
Turn   | Place    | Note
-------+----------+-------------------------------------------
     0 | D:1      | Kazon the Kobold Monk began the quest for the Orb.
     0 | D:1      | Reached XP level 1. HP: 14/14 MP: 1/1
   455 | D:1      | Reached XP level 2. HP: 19/19 MP: 2/2
   537 | D:1      | Reached XP level 3. HP: 22/23 MP: 3/3
  1208 | D:2      | Reached XP level 4. HP: 24/29 MP: 4/4
  1367 | D:2      | HP: 1/29 [gnoll/+0 flail (8)]
  1367 | D:2      | Slain by a gnoll

Illustrated notes

Levels and vault maps discovered:
D:1:      scummos_arrival_simple_crosswalls, layout_basic, minmay_tripent
D:2:      layout_basic, shapermc_ecumenical_altar_totnotflames, uniq_jessica

Skill      XL: |  1  2 |
---------------+-------+-----
Dodging        | 4 |  4.3
Stealth        | 3 |  3.6
Fighting       | |  3.8
Short Blades   | |  4.6
Throwing       | |  0.3
Armour         | |  0.2

Action                   |  1- 3 |  4- 6 || total
-------------------------+-------+-------++-------
Melee: Short sword       |    12 |       ||    12
       Dagger            |    95 |    18 ||   113
       Punch             |     3 |       ||     3
Throw: Stone             |     5 |       ||     5
  Use: Potion            |       |     1 ||     1
 Stab: Sleeping          |    13 |     2 ||    15
Armor: Robe              |    10 |     1 ||    11
Dodge: Dodged            |    48 |    18 ||    66
